 Dungeon Crawl Stone Soup version 0.30-a0-165-g1891117ce2 (webtiles) character file.

Game seed: 121500918630816204

242 qw the Chopper (level 6, -1/38 HPs)
             Began as a Gargoyle Fighter on Sept 28, 2022.
             Slain by an orc
             ... wielding a +0 trident
              (6 damage)
             ... on level 3 of the Dungeon.
             The game lasted 00:01:14 (2798 turns).

qw the Chopper (Gargoyle Fighter)                   Turns: 2798, Time: 00:01:14

Health: -1/38      AC: 12    Str: 22      XL:     6   Next: 9%
Magic:  6/6        EV:  9    Int:  8      God:
Gold:   136        SH:  4    Dex:  7 (9)  Spells: 5/5 levels left

rFire   . . .      SeeInvis .    h - +0 war axe (vamp)
rCold   . . .      Faith    .    c - +0 buckler
rNeg    + . .      Spirit   .    b - +0 scale mail
rPois   inf        Reflect  .    (no helmet)
rElec   +          Harm     .    (no cloak)
rCorr   .          Rampage  .    (no gloves)
Will    .....                    m - +0 pair of boots
Stlth   ..........               (no amulet)
HPRegen 0.12/turn                o - +4 ring of slaying {mikee}
MPRegen 0.10/turn                (no ring)

@: no status effects
A: sickness immunity, AC +4, negative energy resistance 1, electricity
resistance, torment resistance 1, petrification resistance, deterioration 1
a: no special abilities


You were on level 3 of the Dungeon.
You visited 1 branch of the dungeon, and saw 3 of its levels.

You collected 136 gold pieces.


Innate Abilities, Weirdness & Mutations

You are immune to sickness and miasma.
Your stone body is resilient. (AC +4)
You are immune to poison.
You resist negative energy. (rN+)
You are resistant to electric shocks. (rElec)
You are resistant to unholy torment.
You are immune to petrification.
Your body sometimes deteriorates upon taking damage.


   Skills:
 - Level 4.0 Fighting
 + Level 5.3 Axes
 - Level 3.2 Armour
 - Level 3.2 Shields


You had 5 spell levels left.
You didn't know any spells.
Your spell library was empty.

Inventory:

Hand Weapons
 g - a +0 flail
 h - a +0 vampiric war axe (weapon)
Armour
 b - a +0 scale mail (worn)
 c - a +0 buckler (worn)
 e - the +5 ring mail "Waymuwetz" {Dex+4}
   (You found it on level 3 of the Dungeon)

   Dex:       It affects your dexterity (+4).
 m - a +0 pair of boots (worn)
Jewellery
 o - a +4 ring of slaying (left hand) {mikee}
Scrolls
 f - a scroll of identify
 p - a scroll of fear {unknown}
Potions
 a - a potion of lignification {unknown}
 d - a potion of might
 i - a potion of curing {unknown}
 j - a potion of attraction {unknown}
 k - a potion of heal wounds {unknown}
 l - a potion of brilliance {unknown}
 n - a potion of degeneration {unknown}
 q - 2 potions of mutation
 r - 2 potions of haste {unknown}

Dungeon Overview and Level Annotations

Branches:
Dungeon (3/15)

Altars:


Message History

You block the orc's attack. The orc hits you but does no damage.
The orc priest barely misses you.
The orc hits you from afar with a +0 trident.
The orc hits you but does no damage.
You closely miss the orc priest.
The orc priest is almost dead.
You barely miss the orc.
The orc priest hits you with a +0 flail!
Your body deteriorates!
You feel clumsy. The orc hits you but does no damage. x2
You barely miss the orc priest.
The orc priest is almost dead.
You barely miss the orc.
The orc priest hits you with a +0 flail.
Your body deteriorates!
You feel clumsy. The orc hits you but does no damage.
You block the orc's attack.
You slash the orc priest!
You kill the orc priest!
You closely miss the orc. The orc hits you but does no damage.
The orc hits you with a +0 club. The orc closely misses you.
The orc hits you with a +0 club.
Your Fighting skill increases to level 4!
You have reached level 6!
You barely miss the orc.
The orc is severely wounded.
The orc barely misses you. The orc hits you but does no damage.
You slash the orc!
You feel better.
You kill the orc!
The orc barely misses you. The orc hits you with a +0 trident.
You hit the orc.
The orc is almost dead.
You block the orc's attack.
You hit the orc but do no damage.
The orc is almost dead.
The orc hits you but does no damage. x2
You barely miss the orc.
The orc is almost dead.
The orc hits you with a +0 trident.
You die...

.......##.........#### #.# #....
...%................. #.#####...
...................#. #.......##
.........#.........# ###....###
.........#.........###...#......#
.............##.......##......#..
.?.........[..........###.....###
####...>#######.).....#.......###
##...(...# #)@................
##.......# #..o.....####...###
.<.......# #.......## #...#
.........# #.......# #...#
.######### #.......# ##### .#
#.......# ## #########


You could see an orc.

Vanquished Creatures
  A kobold brigand (D:3)
  An orc priest (D:3)
  An orc wizard (D:2)
  4 adders
  3 worms (D:2)
  2 dart slugs
  4 orcs (D:3)
  7 bats
  5 endoplasms
  A giant cockroach (D:1)
  6 goblins
  5 hobgoblins
  2 jackals (D:1)
  4 kobolds
  4 quokkas
  7 ball pythons
  2 frilled lizards
  10 rats
69 creatures vanquished.

Notes
Turn   | Place    | Note
-------+----------+-------------------------------------------
     0 | D:1      | qw the Gargoyle Fighter began the quest for the Orb.
     0 | D:1      | Reached XP level 1. HP: 14/14 MP: 1/1
     0 | D:1      | 0 ||| qw: Version: 0.2-a-12-gaebbb33
     0 | D:1      | 0 ||| qw: Game counter: 804
     0 | D:1      | 0 ||| qw: Always use a shield: true
     0 | D:1      | 0 ||| qw: God list: Okawaru
     0 | D:1      | 0 ||| qw: Allow faded altars: false
     0 | D:1      | 0 ||| qw: Do Orc after D:15 true
     0 | D:1      | 0 ||| qw: Do second Lair branch before Depths: true
     0 | D:1      | 0 ||| qw: Lair rune preference: random
     0 | D:1      | 0 ||| qw: Plans: Normal, Zot:1-4, God:TSO, Crypt, Tomb,
                  | Pan, Slime:5, Hells, Abyss, Orb
     0 | D:1      | 0 ||| PLANNING D:1-11
    51 | D:1      | Reached skill level 2 in Axes
   115 | D:1      | 115 ||| Stepping ~*~*~tactically~*~*~ (stealth).
   123 | D:1      | 123 ||| Stepping ~*~*~tactically~*~*~ (stealth).
   128 | D:1      | 128 ||| Stepping ~*~*~tactically~*~*~ (stealth).
   129 | D:1      | 129 ||| Stepping ~*~*~tactically~*~*~ (stealth).
   132 | D:1      | Reached XP level 2. HP: 15/19 MP: 2/2
   144 | D:1      | 144 ||| Stepping ~*~*~tactically~*~*~ (stealth).
   146 | D:1      | 146 ||| Stepping ~*~*~tactically~*~*~ (stealth).
   163 | D:1      | 163 ||| Stepping ~*~*~tactically~*~*~ (stealth).
   164 | D:1      | 164 ||| Stepping ~*~*~tactically~*~*~ (stealth).
   199 | D:1      | 199 ||| DROPPING +0 club.
   237 | D:1      | Found a faded altar of an unknown god.
   269 | D:1      | 269 ||| Stepping ~*~*~tactically~*~*~ (stealth).
   277 | D:1      | 277 ||| Stepping ~*~*~tactically~*~*~ (stealth).
   280 | D:1      | 280 ||| Stepping ~*~*~tactically~*~*~ (stealth).
   431 | D:1      | Reached skill level 3 in Axes
   527 | D:1      | Reached XP level 3. HP: 23/23 MP: 3/3
  1155 | D:1      | 1155 ||| READING 2 scrolls labelled BOWESE XACRA.
  1156 | D:1      | 1156 ||| READING scroll labelled DAUMNU ODDIPI.
  1157 | D:1      | 1157 ||| READING scroll labelled QOMMAK MENGU.
  1158 | D:1      | 1158 ||| READING scroll labelled LANES WECHOTAE.
  1211 | D:1      | 1211 ||| READING scroll labelled GAKUNURURE.
  1212 | D:1      | 1212 ||| READING scroll labelled HEASUQ QAIMEFF.
  1213 | D:1      | 1213 ||| DROPPING scroll of summoning.
  1348 | D:2      | 1348 ||| Stepping ~*~*~tactically~*~*~ (stealth).
  1532 | D:2      | Reached XP level 4. HP: 25/28 MP: 4/4
  1751 | D:2      | Reached skill level 4 in Axes
  2291 | D:2      | 2291 ||| UPGRADING to +0 pair of boots.
  2296 | D:2      | 2296 ||| UPGRADING to +4 ring of slaying {mikee}.
  2297 | D:2      | 2297 ||| READING 2 scrolls labelled PONGIT IMUG.
  2298 | D:2      | 2298 ||| READING scroll labelled LAOCUIH REAK.
  2303 | D:2      | 2303 ||| READING scroll labelled BASSED PEZ AWO.
  2404 | D:2      | 2404 ||| READING scroll labelled LOZOTSENIZ.
  2405 | D:2      | 2405 ||| DRINKING 2 emerald potions.
  2405 | D:2      | Gained mutation: Your body sometimes deteriorates upon
                  | taking damage. [potion of mutation]
  2419 | D:3      | 2419 ||| STAIRDANCE
  2432 | D:2      | Reached XP level 5. HP: 30/32 MP: 5/5
  2458 | D:3      | Identified the +5 ring mail "Waymuwetz" {Dex+4}
  2575 | D:3      | Noticed a kobold brigand
  2592 | D:3      | Killed a kobold brigand
  2593 | D:3      | Reached skill level 5 in Axes
  2792 | D:3      | HP: 7/32 [orc/+0 club (3)]
  2792 | D:3      | HP: 3/32 [orc/+0 club (4)]
  2793 | D:3      | Reached XP level 6. HP: 4/38 MP: 6/6
  2798 | D:3      | Slain by an orc

Levels and vault maps discovered:
D:1:      ncdulo_smallfort, layout_basic, hellmonk_ecumenical_altar_dog_temple,
          minivault_23
D:2:      layout_basic, chequers_mini_garden
D:3:      layout_rooms

Skill      XL: |  1  2  3  4  5 |
---------------+----------------+-----
Axes           | 2 3 4 5 |  5.3
Fighting       | 4 |  4.0
Armour         | |  3.2
Shields        | |  3.2

Action                   |  1- 3 |  4- 6 || total
-------------------------+-------+-------++-------
Melee: War axe           |   138 |   118 ||   256
  Use: Scroll            |     6 |     4 ||    10
       Potion            |       |     1 ||     1
Armor: Scale mail        |    67 |    74 ||   141
Dodge: Dodged            |    69 |    62 ||   131
Block: Buckler           |    22 |    25 ||    47

Table legend:
 A = Non-vault XP
 B = Vault XP
 C = Vault XP percentage of total XP
 D = Non-vault monster count
 E = Vault monster count
 F = Vault count percentage of total count
                 A         B        C        D         E       F
            +---------+---------+-------+---------+---------+-------
      Total |     342 |       4 |   1.2 |      67 |       2 |   2.9
            +---------+---------+-------+---------+---------+-------
        D:1 |      45 |       4 |   8.2 |      28 |       2 |   6.7
        D:2 |     125 |       0 |   0.0 |      29 |       0 |   0.0
        D:3 |     172 |       0 |   0.0 |      10 |       0 |   0.0
            +---------+---------+-------+---------+---------+-------
